 Dungeon Crawl Stone Soup version 0.15-a0-60-g2d7d1c5 (webtiles) character file.

683297 KaKa the Devastator (level 27, -2/154 (158) HPs)
             Began as a Kobold Conjurer on Mar 31, 2014.
             Was the Champion of Vehumet.
             Slain by an electric golem (11 damage)
             ... on Level 5 of the Realm of Zot on Apr 6, 2014.
             The game lasted 16:14:21 (141759 turns).

KaKa the Devastator (Kobold Conjurer)             Turns: 141759, Time: 16:14:21

HP  -2/154 (158) AC 16     Str 11      XL: 27
MP   2/47        EV 29     Int 22      God: Vehumet [******]
Gold 3867        SH  0     Dex 16      Spells: 17 memorised,  6 levels left

rFire  + . .     SeeInvis +     b - staff of energy
rCold  + . .     Clarity  .     X - +2 robe {Archmagi}
rNeg   + . .     Conserve +     (no shield)
rPois  .         rCorr    +     d - +2 helmet {SInv}
rElec  .         rRot     .     P - +2 cloak {rCorr, Cons}
SustAb . .       Spirit   .     K - +2 pair of gloves of Zin's Regard {+Rage rC+ rN+}
rMut   +         Warding  .     Y - +2 pair of boots {run}
Saprov + + .     Stasis   .     S - amulet of Contention {rMut MR+}
MR     +++..                    I - ring "Cake" {Wiz +Fly}
                                h - ring of protection from fire

@: repel missiles, very slightly contaminated, delayed fireball, quick,
extremely resistant to hostile enchantments, extraordinarily stealthy
A: disease resistance, carnivore 3, saprovore 2, slow healing 1
a: Renounce Religion, Release Delayed Fireball, Evoke Berserk Rage, Evoke Flight
}: 3/15 runes: barnacled, silver, gossamer


You were on level 5 of the Realm of Zot.
You worshipped Vehumet.
Vehumet was exalted by your worship.
You were not hungry.

You visited 11 branches of the dungeon, and saw 59 of its levels.
You visited 2 bazaars.
You also visited: Ice Cave, Volcano and Wizlab.

You collected 8555 gold pieces.
You spent 4688 gold pieces at shops.

Inventory:

Hand weapons
 a - the +11,+8 dagger of a sewer {elec, rElec Str+3, Vuoden Lotto}
   (You bought it in a shop on level 5 of the Dungeon)

   Occasionally, upon striking a foe, it will discharge some electrical energy
   and cause terrible harm.
   It affects your strength (+3).
   It insulates you from electricity.
 Z - the +6,+9 dagger of Wougiqoq {pain, rF+ rN+}
   (You found it on level 5 of the Vaults)

   In the hands of one skilled in necromantic magic, it inflicts extra damage on
   living creatures.
   It protects you from fire.
   It protects you from negative energy.
Armour
 d - a +2 helmet of see invisible (worn)
 G - a +2 buckler of poison resistance
 K - the +2 pair of gloves of Zin's Regard (worn) {+Rage rC+ rN+}
   (You found it on level 6 of the Dungeon)

   It protects you from cold.
   It protects you from negative energy.
   It lets you go berserk.
 P - a +2 cloak of preservation (worn)
 X - a +2 robe of the Archmagi (worn)
 Y - a +2 pair of boots of running (worn)
Magical devices
 l - a wand of heal wounds (7)
 m - a wand of polymorph (11)
 o - a wand of flame (4)
 q - a wand of enslavement (10)
 r - a wand of teleportation (2)
 y - a wand of teleportation (3)
 N - a wand of disintegration (10)
Comestibles
 g - 5 meat rations
Scrolls
 c - 5 scrolls of fear
 f - a scroll of enchant weapon III
 i - 5 scrolls of fog
 j - 5 scrolls of identify
 k - 2 scrolls of remove curse
 n - 8 scrolls of teleportation
 p - a scroll of enchant weapon II
 z - a scroll of vulnerability
 C - a scroll of amnesia
 V - a scroll of blinking
Jewellery
 h - a ring of protection from fire (left hand)
 w - a +6 ring of protection
 I - the ring "Cake" (right hand) {Wiz +Fly}
   (You took it off an orc warrior on level 15 of the Dungeon)

   [ring of wizardry]

   It improves your spell success rate.
   It lets you fly.
 J - an uncursed ring of ice
 O - the amulet of the Lonely Curses {Clar +Fly rPois}
   (You found it on level 3 of the Elven Halls)

   [amulet of clarity]

   It provides mental clarity.
   It protects you from poison.
   It lets you fly.
 S - the amulet of Contention (around neck) {rMut MR+}
   (You bought it in a shop on level 4 of the Shoals)

   [amulet of resist mutation]

   It protects you from mutation.
   It affects your resistance to hostile enchantments.
Potions
 e - a potion of heal wounds
 s - 7 potions of curing
 D - a potion of might
 F - 3 potions of brilliance
 M - a potion of haste
 U - a potion of invisibility
Magical staves
 b - an uncursed staff of energy (weapon)


   Skills:
 - Level 12.5 Fighting
 - Level 14.1 Short Blades
 - Level 18.0 Dodging
 - Level 14.0 Stealth
   Level 7.1 Shields
 + Level 21.4 Spellcasting
 - Level 23.0 Conjurations
 - Level 12.0 Charms
 - Level 23.0 Fire Magic
 - Level 9.2 Earth Magic
 - Level 12.2 Evocations


You had 6 spell levels left.
You knew the following spells:

 Your Spells              Type           Power        Failure   Level  Hunger
a - Magic Dart            Conj           ####         0%          1    None
b - Bolt of Fire          Conj/Fire      ########..   1%          6    None
c - Iskenderun's Battles  Conj/Chrm      ########     1%          5    None
d - Dazzling Spray        Conj/Hex       #######.     1%          3    None
e - Stoneskin             Trmt/Erth      ######....   1%          2    None
f - Iron Shot             Conj/Erth      #######...   1%          6    None
g - Repel Missiles        Chrm/Air       ######       1%          2    None
h - Flight                Chrm/Air       ######....   1%          3    None
i - Apportation           Tloc           #####.....   1%          1    None
j - Haste                 Chrm           #######.     1%          6    None
k - Blink                 Tloc           N/A          1%          2    None
l - Regeneration          Chrm/Necr      ######....   1%          3    None
m - Summon Butterflies    Summ           #####...     1%          1    None
n - Ring of Flames        Chrm/Fire      ########..   1%          7    None
o - Control Teleport      Chrm/Tloc      ######....   1%          4    None
q - Fire Storm            Conj/Fire      ########..   2%          9    None
s - Sting                 Conj/Pois      ####         1%          1    None


Dungeon Overview and Level Annotations

Branches:
Dungeon (15/15)            Temple (1/1) D:4             Orc (4/4) D:9
    Elf (3/3) Orc:3          Lair (8/8) D:11         Shoals (5/5) Lair:3
 Spider (5/5) Lair:6        Slime (0/6) Lair:7       Vaults (5/5) D:14
  Blade (0/1) Vaults:4      Crypt (3/5) Vaults:2       Tomb (0/3) Crypt:2
    Zot (5/5) Depths:5     Depths (5/5) D:15

Altars:
Ashenzari
Cheibriados
Dithmenos
Elyvilon
Fedhas
Kikubaaqudgha
Makhleb
Nemelex Xobeh
Okawaru
Sif Muna
Trog
Vehumet
Xom
Yredelemnul
Zin
The Shining One
Beogh
Jiyva

Shops:
D:5 (   D:7 !([*   D:9 %   D:11 :   D:13 [   Orc:2 [   Orc:4 ([(}   Elf:1 !
Shoals:4 =   Shoals:5 [   Vaults:2 (}   Depths:2 =

Portals:
Hell: Depths:1 Depths:2 Depths:3 Depths:4 Depths:5
Abyss: Depths:2 Depths:3 Depths:4
Pandemonium: Depths:2 Depths:3
Ziggurat: Depths:4
Trove: D:13 (give +6,+6 demon trident)

Annotations:
Crypt:2 exclusion: guardian mummy
Crypt:3 Khufu, Mara
Depths:3 Mennas


Innate Abilities, Weirdness & Mutations

You recuperate from illness quickly.
You are small and have problems with some larger weapons.
You are carnivorous and can eat meat at any time.
You can eat rotten meat.
You heal slowly when monsters are visible.


Message History

The bone dragon barely misses you.
You hear a distant "Zot"!
Drink which item? (? for menu, Esc to quit)
You feel much better. The electric golem barely misses you.
The electric golem completely misses you.
The electric golem hits you!
* * * LOW HITPOINT WARNING * * *
The electric golem hits you but does no damage.
The bone dragon bites you but does no damage.
The bone dragon claws you but does no damage.
The bone dragon tramples you.
* * * LOW HITPOINT WARNING * * *
You stumble backwards!
You hear a distant "Zot"!
The electric golem hits you!
* * * LOW HITPOINT WARNING * * *
The electric golem shocks you!
* * * LOW HITPOINT WARNING * * *
The electric golem closely misses you. The electric golem hits you!
You die...

##...........## #...)..)......#
##......D......##
#........)b.....# ###▓
########.######## ▓#### ...##
###...#.....### ##...# #...#
###....#b(.#....### #....#
#...###.....#%..D8#.....###...##
#..........#...#@#.##.........#
##.......##.##.####b##.....<.##
#8........<.#######.b.........###
.........#.###.#.###<#..........#
.....#####.# #.#.# #.#####.......
....## #..# #.#.# #..# ###.....
...## #..###.#.###..# ##.... ..##
#..##.###.##..# #.... .## #(.##.#
#.##..# ##...


You could see a bone dragon, an electric golem and a storm dragon.

Vanquished Creatures
  3 orbs of fire (Zot:5)
  5 ancient liches
  A curse toe (Zot:3)
  3 Killer Klowns
  2 electric golems
  13 golden dragons
  Frederick (Vaults:5)
  12 bone dragons
  An Ice Fiend (IceCv)
  5 liches
  2 deep elf blademasters (Elf:3)
  15 tentacled monstrosities
  9 Orb Guardians (Zot:5)
  A deep elf master archer (Elf:3)
  A tentacled starspawn (WizLab)
  3 titans
  2 quicksilver dragons (Vaults:5)
  9 sphinxes
  Polyphemus (Shoals:2)
  9 storm dragons
  The ghost of Bikaver the Warrior, a mighty MiBe of Trog (Shoals:5)
  Rupert (Shoals:2)
  Agnes (Shoals:4)
  A revenant (Crypt:2)
  Frances (Elf:3)
  2 eldritch tentacles (WizLab)
  3 daevas (Depths:3)
  9 shadow dragons
  2 ancient champions
  12 fire giants
  The ghost of mk83 the Imperceptible, a mighty SpEn of Ashenzari (Vaults:1)
  Roxanne (Shoals:4)
  5 draconian monks
  9 tengu reavers
  Ilsuiw (Shoals:5)
  A ghoul (Crypt:2)
  22 vault wardens
  Donald (Vaults:4)
  10 draconian knights
  An iron dragon (Depths:4)
  12 frost giants
  Maud (Lair:6)
  8 deep elf sorcerers
  Wiglaf (D:14)
  An orc warlord (Vaults:2)
  3 draconian scorchers
  A balrug (Depths:5)
  2 ghost moths
  7 emperor scorpions
  6 draconian zealots
  An octopode crusher (Depths:1)
  2 reapers
  3 war gargoyles (Vaults:5)
  3 angels (Depths:3)
  4 draconian shifters
  2 draconian annihilators (Zot:2)
  A spriggan defender (Depths:2)
  10 deep elf demonologists
  25 stone giants
  4 draconian callers
  10 grey draconians
  8 pale draconians
  11 deep elf annihilators
  Azrael (Spider:1)
  8 white draconians
  5 green draconians
  5 dire elephants
  5 yellow draconians
  6 black draconians
  A red draconian (shapeshifter) (Vaults:2)
  2 mottled draconians
  10 purple draconians
  3 vampire knights
  2 eidola
  13 ettins
  4 merfolk javelineers (Shoals:5)
  8 red draconians
  5 deep elf death magi
  21 fire dragons
  3 blizzard demons
  10 merfolk impalers
  A crystal guardian (Vaults:4)
  8 great orbs of eyes
  2 jiangshi (Crypt:2)
  7 death cobs
  23 yaktaur captains
  5 sirens
  43 vault guards
  4 minotaurs
  16 ice dragons
  19 ironheart preservers
  Fannar (Lair:6)
  A quicksilver dragon skeleton (Crypt:1)
  8 deep elf high priests
  A ravenous feature mimic (Vaults:3)
  5 hydras
  An alligator snapping turtle (Shoals:3)
  2 ravenous item mimics
  11 merfolk aquamancers
  Erica (Orc:4)
  The ghost of Bonarez the Grappler, an experienced TrHe of Elyvilon (D:11)
  4 spriggan air magi
  10 rakshasas
  19 ogre magi
  45 death yaks
  3 deep dwarf death knights
  13 deep troll earth magi
  7 tengu warriors
  2 satyrs
  4 plague shamblers (Crypt:2)
  The ghost of Balrog the Nimble, a powerful OpFE of Sif Muna (D:10)
  An orc high priest (Elf:2)
  The ghost of Herrn the Nimble, a powerful VSFi (Orc:2)
  A titan zombie (Vaults:5)
  15 deep troll shamans
  2 spectral elves (Elf:3)
  4 spriggan berserkers
  12 centaur warriors
  A soul eater (Elf:2)
  A vampire mage (Crypt:2)
  5 fire crabs
  6 shadow wraiths
  2 catoblepae
  3 thrashing horrors (WizLab)
  11 deep elf knights
  7 ice devils
  12 very ugly things
  A titan skeleton (Vaults:4)
  10 iron trolls
  2 fire crabs (shapeshifter)
  9 skeletal warriors
  5 unseen horrors
  17 hell knights
  A golden dragon zombie (Crypt:2)
  60 deep trolls
  6 cherubim (Depths:3)
  A death drake (Zot:4)
  6 flayed ghosts
  9 water nymphs
  23 orb spiders
  15 hill giants
  4 giant orange brains
  2 ice statues (IceCv)
  17 sea snakes
  4 flaming corpses
  An anaconda zombie (Crypt:2)
  A golden dragon skeleton (Crypt:2)
  An oklob plant (D:11)
  11 deep elf summoners
  A lindwurm (Lair:2)
  A shadow dragon zombie (Crypt:2)
  21 ironbrand convokers
  A hill giant (shapeshifter) (Depths:4)
  A mana viper (WizLab)
  A harpy (shapeshifter) (Elf:2)
  24 harpies
  2 wizards (WizLab)
  16 griffons
  A wolf spider zombie (Vaults:2)
  24 deep elf conjurers
  12 necromancers
  A stone giant zombie (Vaults:2)
  An iron dragon zombie (Crypt:2)
  35 wolf spiders
  A fire giant zombie (Crypt:2)
  2 salamanders (Depths:5)
  5 red wasps
  2 shining eyes (Depths:4)
  19 orc knights
  3 orc sorcerers
  3 salamanders (shapeshifter)
  A sixfirhy (WizLab)
  A sphinx skeleton (Depths:4)
  21 cyclopes
  20 manticores
  7 phantasmal warriors
  An iron dragon skeleton (Depths:2)
  3 stone giant skeletons
  21 mermaids
  12 fauns
  An eye of devastation (Depths:4)
  2 frost giant skeletons
  A tormentor (Zot:5)
  2 fire giant skeletons
  4 black mambas
  11 elephants
  2 molten gargoyles (Lair:7)
  3 gargoyles
  11 spiny frogs
  An orange demon (WizLab)
  A queen ant (shapeshifter) (Vaults:5)
  2 kobold demonologists (D:15)
  31 vault sentinels
  27 moths of wrath
  A pale draconian zombie (Crypt:2)
  A yellow draconian zombie (Zot:2)
  2 spriggan skeletons (Depths:4)
  71 yaktaurs
  A yaktaur (shapeshifter) (D:14)
  A demonspawn skeleton (WizLab)
  15 freezing wraiths
  A purple draconian zombie (Crypt:2)
  2 grey draconian zombies
  A fire drake (shapeshifter) (Vaults:2)
  2 silent spectres
  3 fire drakes
  An elf (shapeshifter) (Elf:2)
  2 hellwings
  19 trolls
  14 demonic crawlers
  A golden dragon simulacrum (Crypt:2)
  A jumping spider (shapeshifter) (Elf:3)
  9 komodo dragons
  A queen bee (shapeshifter) (Vaults:5)
  23 deep elf priests
  A queen bee (Spider:2)
  2 spriggan druids (Lair:8)
  5 red devils
  A hydra zombie (D:13)
  2 iron devils
  A centaur skeleton (D:11)
  A giant firefly (shapeshifter) (Elf:3)
  A shadow dragon simulacrum (Vaults:4)
  6 boggarts
  38 merfolk
  2 iron troll skeletons
  3 fire vortices
  10 blue devils
  A polar bear (shapeshifter) (Depths:5)
  A catoblepas zombie (D:15)
  23 jumping spiders
  5 wind drakes
  A siren skeleton (Crypt:3)
  38 two-headed ogres
  A jumping spider zombie (Crypt:1)
  A hydra skeleton (Crypt:2)
  5 tengu conjurers
  10 giant fireflies
  A fire giant simulacrum (Crypt:2)
  23 blink frogs
  23 slime creatures
  An ettin zombie (Crypt:2)
  13 snapping turtles
  8 boulder beetles
  A slime creature (shapeshifter) (Vaults:2)
  2 griffon zombies
  2 deep troll zombies (Depths:2)
  17 ravens
  8 grizzly bears
  11 air elementals
  A boulder beetle (shapeshifter) (Depths:3)
  32 deep elf magi
  A spriggan (shapeshifter) (Vaults:4)
  15 spriggans
  2 ice dragon zombies
  2 vampires
  3 wyverns
  An ice dragon skeleton (Crypt:2)
  27 trapdoor spiders
  3 toenail golems (Volcano)
  12 flying skulls
  An ettin skeleton (Vaults:1)
  An elf zombie (Vaults:5)
  4 basilisks
  12 wraiths
  16 sharks
  48 redbacks
  2 hill giant zombies
  33 water elementals
  3 hungry ghosts
  A yaktaur simulacrum (Vaults:2)
  A hog (shapeshifter) (Depths:4)
  28 tarantellas
  57 yaks
  5 shadows
  A ynoxinul (WizLab)
  An elf simulacrum (Depths:4)
  A golden eye (shapeshifter) (D:14)
  2 spatial vortices (WizLab)
  24 deep elf fighters
  A yak (shapeshifter) (Vaults:2)
  4 fire elementals (Spider:1)
  6 humans (Volcano)
  15 hippogriffs
  2 steam dragons
  68 ugly things
  24 wolves
  3 hill giant skeletons
  5 necrophages
  2 tengu zombies
  2 chaos spawn
  2 hell hounds
  10 water moccasins
  A human zombie (Depths:2)
  4 wargs
  3 tengu skeletons
  An ettin simulacrum (Vaults:3)
  3 small abominations
  25 vampire mosquitoes
  2 soldier ants
  2 swamp drakes
  2 sky beasts
  8 porcupines
  8 black bears
  9 mottled dragons
  3 human skeletons
  A soldier ant (shapeshifter) (D:15)
  5 ice beasts
  A manticore zombie (D:10)
  A spiny frog skeleton (Crypt:2)
  2 yellow wasps
  A black bear (shapeshifter) (Vaults:5)
  73 ogres
  18 spiders
  30 orc warriors
  6 phantoms
  A giant goldfish (Lair:3)
  A snapping turtle skeleton (Crypt:2)
  3 boring beetles
  17 crocodiles
  A mermaid skeleton (Crypt:1)
  A boring beetle (shapeshifter) (Vaults:2)
  6 lava worms
  3 lost souls
  2 brain worms
  9 centaurs
  4 giant slugs
  6 big kobolds
  3 cyclops zombies
  A draconian skeleton (Crypt:3)
  A silver statue (WizLab)
  A wyvern zombie (D:11)
  A gnoll sergeant (D:10)
  20 giant frogs
  A water moccasin zombie (Crypt:1)
  27 killer bees
  24 wights
  2 eyes of draining (shapeshifter)
  5 scorpions
  An orc simulacrum (Vaults:2)
  A vampire bat (Orc:1)
  A water moccasin skeleton (D:10)
  7 electric eels
  2 pulsating lumps (shapeshifter) (Depths:4)
  A boring beetle zombie (D:14)
  5 goliath beetles
  15 hounds
  2 lava snakes (Lair:7)
  A formicid zombie (Crypt:3)
  2 giant frog skeletons
  2 jellies
  3 big fish
  9 crimson imps
  15 iguanas
  Crazy Yiuf (D:5)
  A black bear zombie (D:9)
  23 orc priests
  9 iron imps (Depths:3)
  A two-headed ogre zombie (D:15)
  A gnoll shaman (D:10)
  26 orc wizards
  16 worker ants
  A porcupine skeleton (Crypt:2)
  An orange rat (Depths:2)
  29 sheep
  2 ogre zombies (D:15)
  A hound skeleton (D:8)
  9 mummies
  19 adders
  13 gnolls
  An orange rat skeleton (Crypt:2)
  113 green rats
  A worm zombie (D:10)
  2 giant mites
  9 shadow imps
  14 white imps
  13 worms
  5 ufetubi
  An adder zombie (Crypt:1)
  An orc zombie (D:7)
  A snake zombie (Crypt:1)
  An adder skeleton (D:4)
  10 giant eyeballs
  10 giant geckos
  180 orcs
  2 ball pythons
  A bat skeleton (D:5)
  6 giant cockroaches
  30 goblins
  16 hobgoblins
  24 jackals
  46 kobolds
  10 quokkas
  26 bats
  7 giant newts
  A giant spore (D:6)
  A goblin skeleton (D:5)
  A hobgoblin skeleton (Crypt:2)
  A hobgoblin zombie (D:6)
  A kobold skeleton (Crypt:2)
  An orc skeleton (D:8)
  A quokka skeleton (Crypt:3)
  21 rats
  17 ballistomycetes
  2 butterflies (Zot:4)
  2 crawling corpses (Elf:3)
  A fungus (Lair:8)
  2 plants (D:11)
  A starspawn tentacle (WizLab)
3419 creatures vanquished.

Vanquished Creatures (collateral kills)
  A titan (Vaults:5)
  A tentacled monstrosity (Zot:2)
  A tengu reaver (Vaults:5)
  A storm dragon (Zot:2)
  A shadow dragon (Vaults:5)
  A draconian monk (Zot:4)
  A frost giant (Vaults:5)
  A draconian scorcher (Zot:3)
  A draconian zealot (Zot:2)
  2 vault wardens
  2 grey draconians
  A deep elf annihilator (Vaults:5)
  A yellow draconian (Zot:1)
  A red draconian (Zot:1)
  A black draconian (Zot:3)
  2 mottled draconians
  A vault guard (Vaults:4)
  A moth of wrath (Zot:4)
  A yaktaur (Vaults:5)
  A wandering mushroom (Zot:3)
  2 ogres (Vaults:5)
  An orc (Vaults:5)
26 creatures vanquished.

Vanquished Creatures (others)
  A tengu reaver (Vaults:2)
  A fire giant (Depths:4)
  A draconian scorcher (Zot:3)
  A ghost moth (Zot:3)
  A white draconian (Zot:1)
  A fire dragon (Zot:3)
  A deep troll shaman (Depths:2)
  A deep elf knight (Vaults:2)
  A shadow wraith (WizLab)
  4 drowned souls (Shoals:5)
  342 fire vortices
  A slime creature (Depths:1)
  An air elemental (Depths:4)
  2 fire elementals
  A deep elf fighter (Elf:3)
  An ogre (Vaults:2)
  An orc wizard (D:9)
  A green rat (Lair:2)
  4 white imps (IceCv)
  4 ufetubi (IceCv)
  2 orcs (D:10)
  2 giant spores
  2 ballistomycetes (D:15)
  6 butterflies
  2643 eldritch tentacle segments (WizLab)
  7 fungi
  17 plants
  A starspawn tentacle (WizLab)
  4 tentacles (Shoals:3)
3055 creatures vanquished.

Grand Total: 6500 creatures vanquished

Notes
Turn   | Place    | Note
--------------------------------------------------------------
     0 | D:1      | KaKa, the Kobold Conjurer, began the quest for the Orb.
     0 | D:1      | Reached XP level 1. HP: 10/10 MP: 3/3
     3 | D:1      | Noticed a giant goldfish
     6 | D:1      | Noticed a giant goldfish
   181 | D:1      | Reached XP level 2. HP: 15/15 MP: 0/4
   364 | D:1      | Learned a level 2 spell: Searing Ray
   650 | D:1      | Reached skill level 4 in Conjurations
   892 | D:1      | Reached XP level 3. HP: 16/19 MP: 6/6
  1297 | D:2      | Reached XP level 4. HP: 24/24 MP: 2/9
  2075 | D:2      | Found a white marble altar of Elyvilon.
  2075 | D:2      | Found a basalt altar of Yredelemnul.
  2181 | D:3      | Reached XP level 5. HP: 28/28 MP: 9/11
  2191 | D:3      | Reached skill level 5 in Conjurations
  2200 | D:3      | Learned a level 5 spell: Iskenderun's Battlesphere
  2934 | D:3      | Found a blossoming altar of Fedhas.
  3259 | D:4      | Noticed an ogre
  3430 | D:4      | Found a staircase to the Ecumenical Temple.
  3437 | D:4      | Reached XP level 6. HP: 32/32 MP: 3/12
  3446 | Temple   | Entered the Ecumenical Temple
  3475 | Temple   | Became a worshipper of Vehumet
  3620 | D:4      | Noticed an ogre
  3643 | D:4      | Learned a level 3 spell: Dazzling Spray
  3675 | D:4      | Killed an ogre
  3675 | D:4      | Reached skill level 6 in Conjurations
  4038 | D:4      | Reached XP level 7. HP: 36/36 MP: 12/14
  4619 | D:4      | Reached skill level 7 in Conjurations
  4963 | D:4      | Killed an ogre
  5090 | D:5      | Entered Level 5 of the Dungeon
  5334 | D:5      | Acquired Vehumet's first power
  5334 | D:5      | Offered knowledge of Sting by Vehumet.
  5342 | D:5      | Learned a level 1 spell: Sting
  5511 | D:5      | Reached skill level 8 in Conjurations
  5560 | D:5      | Reached XP level 8. HP: 41/41 MP: 1/16
  5817 | D:5      | Found Ofamp's Antique Weapon Shop.
  5898 | D:5      | Bought a jewelled dagger for 217 gold pieces
  5899 | D:5      | Identified the +11,+8 dagger of a sewer {elec, rElec Str+3} (You bought it in a shop on level 5 of the Dungeon)
  6002 | D:5      | Reached skill level 1 in Short Blades
  6002 | D:5      | Reached skill level 1 in Charms
  6104 | D:5      | Identified a +0 rod of the swarm (13/13) (You found it on level 5 of the Dungeon)
  6177 | D:5      | Noticed Crazy Yiuf
  6192 | D:5      | Killed Crazy Yiuf
  6929 | D:6      | Found a shadowy altar of Dithmenos.
  7087 | D:6      | Got a pair of pitted gloves
  7090 | D:6      | Identified the +2 pair of gloves of Zin's Regard {+Rage rC+ rN+} (You found it on level 6 of the Dungeon)
  7566 | D:6      | Reached skill level 9 in Conjurations
  7864 | D:7      | Found Yji Maka's Distillery.
  7870 | D:7      | Bought a potion of haste for 84 gold pieces
  7870 | D:7      | Bought a potion of resistance for 84 gold pieces
  7879 | D:7      | Noticed a spriggan baker
  7929 | D:7      | Reached XP level 9. HP: 45/45 MP: 14/17
  7965 | D:7      | Found Husu's Assorted Antiques.
  8107 | D:7      | Offered knowledge of Sandblast by Vehumet.
  8316 | D:7      | Found a glowing silver altar of Zin.
  8362 | D:7      | Found Qaho's Weapon Emporium.
  8608 | D:7      | Found Jiuxaod's Armour Emporium.
  8914 | D:8      | Reached skill level 5 in Charms
  9584 | D:8      | Reached skill level 10 in Conjurations
  9611 | D:8      | Offered knowledge of Throw Frost by Vehumet.
 10286 | D:9      | Acquired Vehumet's second power
 10297 | D:9      | Reached XP level 10. HP: 50/50 MP: 8/18
 10450 | D:9      | Reached skill level 1 in Fighting
 10506 | D:9      | Found Phaprah's Food Shoppe.
 10699 | D:9      | Found a staircase to the Orcish Mines.
 11150 | D:9      | Offered knowledge of Conjure Flame by Vehumet.
 11269 | D:9      | Learned a level 3 spell: Conjure Flame
 11462 | D:10     | Entered Level 10 of the Dungeon
 11535 | D:10     | Reached skill level 5 in Short Blades
 11904 | D:10     | Reached skill level 5 in Dodging
 11915 | D:10     | Noticed Balrog's ghost (powerful OpFE)
 11955 | D:9      | Got an ancient dagger
 11964 | D:9      | Identified the cursed +3,+1 dagger "Vyod" {antimagic, rC+} (You found it on level 9 of the Dungeon)
 12172 | D:10     | Noticed a hill giant
 12774 | D:10     | Acquired Vehumet's third power
 12998 | D:10     | Killed a hill giant
 13319 | D:10     | Offered knowledge of Stone Arrow by Vehumet.
 13329 | D:10     | Reached skill level 5 in Fighting
 13646 | D:10     | Noticed a hill giant
 13681 | D:10     | Killed a hill giant
 13681 | D:10     | Reached XP level 11. HP: 64/64 MP: 3/20
 14132 | D:11     | Noticed a hill giant
 14141 | D:11     | Killed a hill giant
 14172 | D:11     | Found a staircase to the Lair.
 14176 | D:11     | Noticed an oklob plant
 14273 | D:11     | Noticed a cyclops
 14301 | D:11     | Killed a cyclops
 14426 | D:11     | Noticed a hill giant
 14457 | D:11     | Killed a hill giant
 14473 | D:11     | Found Woydd's Book Emporium.
 14853 | D:11     | Noticed Bonarez's ghost (experienced TrHe)
 15055 | D:11     | Killed Bonarez's ghost
 15414 | D:11     | Offered knowledge of Spellforged Servitor by Vehumet.
 15716 | D:11     | Reached skill level 10 in Short Blades
 15818 | D:11     | Noticed an unseen horror
 15824 | D:11     | Killed an unseen horror
 16117 | Lair:1   | Entered Level 1 of the Lair of Beasts
 16200 | Lair:1   | Reached skill level 1 in Shields
 16200 | Lair:1   | Reached XP level 12. HP: 73/73 MP: 7/23
 16922 | Lair:1   | Reached skill level 5 in Shields
 17309 | Lair:2   | Learned a level 2 spell: Swiftness
 17896 | Lair:2   | Found a dark tunnel.
 17935 | Volcano  | Entered a volcano
 18340 | Volcano  | Offered knowledge of Ignite Poison by Vehumet.
 18503 | Lair:1   | Learned a level 2 spell: Repel Missiles
 19001 | Lair:3   | Reached skill level 5 in Spellcasting
 19386 | Lair:3   | Found a staircase to the Shoals.
 19491 | Lair:3   | Reached XP level 13. HP: 76/78 MP: 23/27
 21278 | Lair:5   | Offered knowledge of Force Lance by Vehumet.
 21997 | Lair:4   | Reached skill level 10 in Dodging
 22608 | Lair:6   | Noticed Fannar
 22623 | Lair:6   | Killed Fannar
 22629 | Lair:6   | Reached skill level 10 in Fighting
 23348 | Lair:3   | Reached skill level 11 in Dodging
 23704 | Lair:6   | Noticed Maud
 23716 | Lair:6   | Reached XP level 14. HP: 88/88 MP: 30/30
 23936 | Lair:6   | Reached skill level 5 in Stealth
 24097 | Lair:6   | Killed Maud
 24597 | Lair:6   | Got a bloodstained hand axe
 24683 | Lair:6   | Found a hole to the Spider Nest.
 25074 | Lair:7   | Offered knowledge of Fireball by Vehumet.
 25081 | Lair:7   | Learned a level 5 spell: Fireball
 25096 | Lair:7   | Reached skill level 1 in Fire Magic
 25952 | Lair:7   | Found a viscous altar of Jiyva.
 25952 | Lair:7   | Found a staircase to the Slime Pits.
 26767 | Lair:8   | Entered Level 8 of the Lair of Beasts
 27456 | Lair:8   | Reached skill level 5 in Fire Magic
 27490 | Lair:8   | Reached skill level 10 in Stealth
 27696 | Lair:8   | Reached XP level 15. HP: 86/95 MP: 23/31
 28204 | Lair:7   | Offered knowledge of Ozocubu's Refrigeration by Vehumet.
 29172 | Lair:8   | Reached skill level 12 in Stealth
 30283 | Lair:1   | Upgraded the game from 0.15-a0-23-gfd8676b to 0.15-a0-33-ga435e27
 30287 | Lair:1   | Learned a level 3 spell: Flight
 30315 | D:11     | Killed an oklob plant
 30493 | Orc:1    | Entered Level 1 of the Orcish Mines
 30869 | Orc:2    | Offered knowledge of Poisonous Cloud by Vehumet.
 31193 | Orc:2    | Found Caich's Antique Armour Shoppe.
 31211 | Orc:2    | Noticed Herrn's ghost (powerful VSFi)
 31234 | Orc:1    | Found an iron altar of Okawaru.
 31667 | Orc:2    | Killed Herrn's ghost
 31845 | Orc:2    | Bought an ominously black robe for 159 gold pieces
 31845 | Orc:2    | Bought a glowing hat for 112 gold pieces
 31851 | Orc:2    | Identified the +0 robe of the Dropbear {+Blink rElec Int-2 Stlth++} (You bought it in a shop on level 2 of the Orcish Mines)
 32025 | Orc:2    | Found a roughly hewn altar of Beogh.
 32759 | Orc:3    | Offered knowledge of Bolt of Fire by Vehumet.
 32811 | Orc:3    | Found a staircase to the Elven Halls.
 33088 | Orc:3    | Found a roughly hewn altar of Beogh.
 34117 | D:7      | Bought a pitted scale mail for 270 gold pieces
 34117 | D:7      | Bought a thin fluorescent amulet for 150 gold pieces
 34128 | D:7      | Identified the cursed -4 scale mail "Creubres" {Int+2} (You bought it in a shop on level 7 of the Dungeon)
 34191 | D:7      | Bought a metal-bound book for 450 gold pieces
 36040 | D:13     | Reached skill level 10 in Spellcasting
 36065 | D:13     | Found Gheihe's Antique Armour Boutique.
 36079 | D:13     | Bought a pair of embroidered boots for 139 gold pieces
 36079 | D:13     | Bought a shimmering chain mail for 294 gold pieces
 36103 | D:13     | Identified the cursed +1 chain mail "Yluinun" {Int+3} (You bought it in a shop on level 13 of the Dungeon)
 36172 | D:13     | Found a portal to a secret trove of treasure.
 36639 | D:14     | Offered knowledge of Fire Storm by Vehumet.
 36639 | D:14     | Offered knowledge of Shatter by Vehumet.
 36639 | D:14     | Offered knowledge of Chain Lightning by Vehumet.
 36732 | D:14     | Found a flickering gateway to a bazaar.
 36765 | Bazaar   | Entered a bazaar
 36834 | Bazaar   | Found Itaxaul's Antique Weapon Emporium.
 36957 | Bazaar   | Found Ulomic's Magic Scroll Shoppe.
 36957 | Bazaar   | Found Daycov's Distillery.
 36962 | Bazaar   | Bought a scroll of identify for 14 gold pieces
 36962 | Bazaar   | Bought a scroll of identify for 14 gold pieces
 36962 | Bazaar   | Bought a scroll of blinking for 52 gold pieces
 36962 | Bazaar   | Bought a scroll of enchant weapon I for 24 gold pieces
 36962 | Bazaar   | Bought a scroll of vulnerability for 52 gold pieces
 36962 | Bazaar   | Bought a scroll of enchant weapon III for 140 gold pieces
 36969 | Bazaar   | Bought a potion of agility for 22 gold pieces
 36969 | Bazaar   | Bought a potion of strong poison for 18 gold pieces
 37182 | D:14     | Reached XP level 16. HP: 100/100 MP: 34/34
 37191 | D:14     | Got a steaming robe
 37200 | D:14     | Found a gate to the Vaults.
 38211 | D:15     | Entered Level 15 of the Dungeon
 38620 | D:15     | Noticed a shadow dragon
 39005 | D:15     | Reached skill level 10 in Fire Magic
 39246 | D:15     | Paralysed by a giant eyeball for 3 turns
 41088 | D:15     | Found a staircase to the Depths.
 41178 | D:14     | Identified the +2 robe of Ydghi {rElec rPois Acc+4} (You found it on level 14 of the Dungeon)
 41405 | D:15     | Learned a level 1 spell: Apportation
 41783 | D:15     | Got a vibrating golden ring
 41789 | D:15     | Identified the ring "Zaywomey" {-Cast +Blink +Rage rElec rN+ Dex+1 Dam-2} (You found it on level 15 of the Dungeon)
 41961 | D:15     | Reached XP level 17. HP: 105/105 MP: 32/35
 42022 | D:15     | Got a faintly glowing scale mail
 42032 | D:15     | Identified the +3 scale mail of Sautudam {rC+ Acc+3 Dam+2 SInv Stlth+} (You found it on level 15 of the Dungeon)
 42102 | D:15     | Got a pitted granite ring
 42121 | D:15     | Gained mutation: You heal slowly when monsters are visible. [mutagenic glow]
 42786 | Shoals:1 | Entered Level 1 of the Shoals
 44483 | Shoals:1 | Reached skill level 13 in Fire Magic
 46646 | Shoals:2 | Noticed Rupert
 46660 | Shoals:2 | Killed Rupert
 47237 | Shoals:2 | Noticed Polyphemus
 47260 | Shoals:2 | Killed Polyphemus
 47602 | Shoals:3 | Reached skill level 14 in Fire Magic
 47602 | Shoals:3 | Reached XP level 18. HP: 73/110 MP: 7/35
 48423 | Lair:1   | Learned a level 5 spell: Bolt of Magma
 48569 | Spider:1 | Entered Level 1 of the Spider Nest
 48589 | Spider:1 | Noticed Azrael
 48867 | Spider:1 | Reached skill level 1 in Earth Magic
 48872 | Spider:1 | Killed Azrael
 55860 | Shoals:3 | Reached XP level 19. HP: 105/115 MP: 23/38
 56923 | Shoals:3 | Reached skill level 5 in Earth Magic
 58318 | Shoals:4 | Noticed Roxanne
 60001 | Shoals:4 | Killed Roxanne
 60010 | Shoals:4 | Identified Roxanne's Collected Works on the Rocks and Transmigration (You took it off Roxanne on level 4 of the Shoals)
 60243 | Shoals:4 | Noticed Agnes
 60360 | Shoals:4 | Killed Agnes
 60743 | Shoals:4 | Learned a level 6 spell: Haste
 60929 | Shoals:4 | Found Pnuameoh's Jewellery Shop.
 62368 | D:15     | Got a slimy bone ring
 62369 | D:15     | Identified the ring "Cake" {Wiz +Fly} (You took it off an orc warrior on level 15 of the Dungeon)
 62523 | D:11     | Bought a book of Fire for 975 gold pieces
 62532 | D:11     | Learned a level 7 spell: Delayed Fireball
 62577 | Lair:1   | Learned a level 3 spell: Regeneration
 62977 | Spider:5 | Entered Level 5 of the Spider Nest
 64627 | Spider:5 | Got a gossamer rune of Zot
 64729 | Spider:5 | Reached XP level 20. HP: 110/120 MP: 10/38
 65842 | Vaults:1 | Entered Level 1 of the Vaults
 66288 | Vaults:1 | Noticed Wiglaf
 66388 | D:14     | Reached skill level 10 in Charms
 67209 | Lair:1   | Learned a level 1 spell: Summon Butterflies
 67312 | Orc:4    | Entered Level 4 of the Orcish Mines
 67481 | Orc:4    | Found a roughly hewn altar of Beogh.
 67558 | Orc:4    | Found Cekaepp's Antique Weapon Shop.
 67905 | Orc:4    | Found Fecius' Antique Weapon Shoppe.
 67919 | Orc:4    | Found Qeckomeh's Armour Shop.
 68073 | Orc:4    | Found Alodiako's Gadget Boutique.
 68227 | Orc:4    | Noticed Erica
 68237 | Orc:4    | Killed Erica
 68583 | Elf:1    | Entered Level 1 of the Elven Halls
 68651 | Elf:1    | Found a magical portal.
 68684 | WizLab   | Entered a wizard's laboratory
 68686 | WizLab   | Found a corrupted altar of Lugonu.
 68948 | WizLab   | Found a corrupted altar of Lugonu.
 69278 | WizLab   | Found a corrupted altar of Lugonu.
 70132 | WizLab   | Identified the Handbook of the Voyage
 70134 | WizLab   | Identified the Guide on Orientation
 70171 | WizLab   | Got an ichor-stained cloak
 70173 | WizLab   | Identified the +2 cloak of Marbles {Int+4 Stlth++} (You found it in a wizard's laboratory)
 70377 | WizLab   | Got a pair of dazzling gloves
 70482 | WizLab   | Identified the +0 pair of gloves of Charity {rElec rF+ Str+4} (You found it in a wizard's laboratory)
 71347 | Elf:1    | Found Wepuli's Distillery.
 72799 | Elf:2    | Found a frozen archway.
 72925 | IceCv    | Entered an ice cave
 73953 | IceCv    | Got an encrusted war axe
 74677 | Elf:2    | Reached XP level 21. HP: 112/125 MP: 19/40
 75490 | D:7      | Killed a spriggan baker
 75582 | D:10     | Killed Balrog's ghost
 75804 | D:14     | Killed Wiglaf
 78230 | Vaults:1 | Reached skill level 15 in Fire Magic
 78302 | Vaults:1 | Noticed mk83's ghost (mighty SpEn)
 79564 | Vaults:1 | Killed mk83's ghost
 81492 | D:11     | Bought the Disquisition on Transmigration for 499 gold pieces
 81498 | D:11     | Learned a level 4 spell: Petrify
 81619 | D:13     | Upgraded the game from 0.15-a0-33-ga435e27 to 0.15-a0-35-ga771cbd
 81834 | Vaults:1 | Reached skill level 15 in Conjurations
 81834 | Vaults:1 | Reached skill level 16 in Fire Magic
 82541 | Vaults:2 | Reached XP level 22. HP: 114/131 MP: 9/40
 83833 | Vaults:1 | Upgraded the game from 0.15-a0-35-ga771cbd to 0.15-a0-58-gfb3cfe9
 84561 | Vaults:2 | Found Kuwk's Weapon Shoppe.
 86636 | Vaults:2 | Found a staircase to the Crypt.
 87403 | Vaults:2 | Found Xyral's Gadget Shop.
 88749 | Lair:1   | Learned a level 6 spell: Bolt of Fire
 88929 | Vaults:3 | Found a staircase to the Crypt.
 89664 | Vaults:3 | Reached XP level 23. HP: 136/136 MP: 20/41
 90782 | Vaults:3 | Reached skill level 17 in Conjurations
 90808 | Vaults:3 | Got a pitted silver amulet
 90810 | Vaults:3 | Identified the amulet "Coollir" {Inacc Hunger rN+} (You found it on level 3 of the Vaults)
 91407 | Vaults:3 | the staircase to the Crypt was a mimic.
 92271 | Shoals:4 | Bought the amulet of Contention {rMut MR+} for 683 gold pieces
 93487 | Vaults:4 | Found a staircase to the Hall of Blades.
 93935 | Vaults:4 | Reached skill level 18 in Conjurations
 93952 | Vaults:4 | Noticed Donald
 94140 | Vaults:4 | Killed Donald
 96055 | Vaults:4 | Reached XP level 24. HP: 70/140 MP: 11/41
 96510 | Lair:1   | Learned a level 6 spell: Iron Shot
 96513 | Lair:1   | Learned a level 2 spell: Stoneskin
 96691 | Shoals:5 | Entered Level 5 of the Shoals
 96693 | Shoals:5 | Reached skill level 19 in Conjurations
 96853 | Shoals:5 | Found Karam's Armour Emporium.
 96866 | Shoals:5 | Noticed Bikaver's ghost (mighty MiBe)
 96918 | Shoals:5 | Killed Bikaver's ghost
 97688 | Shoals:5 | Identified the Handbook of Protection
 97925 | Shoals:5 | Got a barnacled rune of Zot
 98471 | Shoals:5 | Noticed Ilsuiw
 99030 | Shoals:5 | Killed Ilsuiw
 99435 | Crypt:1  | Entered Level 1 of the Crypt
100542 | Crypt:1  | Reached skill level 20 in Conjurations
101580 | Crypt:2  | Found a staircase to the Tomb.
104625 | Crypt:3  | Noticed Khufu
105395 | Crypt:3  | Noticed Mara
106405 | Elf:3    | Entered Level 3 of the Elven Halls
106446 | Elf:3    | Found a flickering gateway to a bazaar.
106462 | Bazaar   | Entered a bazaar
106473 | Bazaar   | Found Horeraeff's Distillery.
106479 | Bazaar   | Found Smerph's Armour Shoppe.
106486 | Bazaar   | Found Xuoj Fya's Food Shop.
106497 | Bazaar   | Found Kagilal's Magic Scroll Shop.
106522 | Bazaar   | Bought a +2 helmet of see invisible for 236 gold pieces
106784 | Elf:3    | Noticed Frances
106799 | Elf:3    | Killed Frances
106947 | Elf:3    | Reached XP level 25. HP: 143/143 MP: 35/41
107143 | Elf:3    | Identified a scroll of acquirement
109587 | Elf:3    | Got a brightly glowing ivory ring
109595 | Elf:3    | Got a slimy golden ring
109607 | Elf:3    | Got a transparent ruby amulet
109746 | Elf:3    | Identified a +0 pair of boots of running (You found it on level 3 of the Elven Halls)
110080 | Lair:1   | Identified the ring of Tebep {Hunger- +Fly rF- rC+} (You found it on level 3 of the Elven Halls)
110081 | Lair:1   | Identified the amulet of the Lonely Curses {Clar +Fly rPois} (You found it on level 3 of the Elven Halls)
110092 | Lair:1   | Identified the ring of the Assorted Blessings {+/*Tele rPois} (You found it on level 3 of the Elven Halls)
110283 | Depths:1 | Entered Level 1 of the Depths
111226 | Depths:1 | Found a gateway to Hell.
112277 | Depths:2 | Found a one-way gate to the infinite horrors of the Abyss.
112524 | Depths:2 | Found Xoesav's Jewellery Emporium.
114062 | Depths:1 | Reached XP level 26. HP: 147/149 MP: 5/42
114265 | Depths:2 | Found a one-way gate leading to the halls of Pandemonium.
115506 | Depths:2 | Reached skill level 21 in Conjurations
118864 | Depths:3 | Noticed Mennas
119153 | Depths:3 | Found a glowing silver altar of Zin.
119946 | D:15     | Killed a shadow dragon
120065 | D:15     | Reached XP level 27. HP: 135/154 MP: 27/42
120777 | Depths:3 | Reached skill level 22 in Conjurations
121766 | Depths:4 | Found a gateway to a ziggurat.
121983 | Depths:4 | Paralysed by a giant eyeball for 4 turns
122017 | Depths:4 | Paralysed by a giant eyeball for 3 turns
123610 | Depths:4 | Got a fine falchion
124197 | Depths:4 | Reached skill level 15 in Spellcasting
124344 | Depths:5 | Entered Level 5 of the Depths
126106 | Depths:5 | Found a gate to the Realm of Zot.
126254 | Depths:5 | Got a glittering bronze ring
126255 | Depths:5 | Identified the ring of Estrires {+Inv rC+} (You acquired it on level 5 of the Depths)
126255 | Depths:5 | Identified the +4,+9 falchion of Ydwepag {speed, rC+} (You took it off a tengu warrior on level 4 of the Depths)
127103 | Depths:4 | Learned a level 9 spell: Fire Storm
127680 | Vaults:5 | Entered Level 5 of the Vaults
128977 | Vaults:5 | Got a transparent blowgun
129137 | Vaults:5 | Noticed Frederick
129140 | Vaults:5 | Killed Frederick
129285 | Vaults:5 | Got a faintly glowing platinum ring
129302 | Vaults:5 | Identified a +0 cloak of preservation (You found it on level 5 of the Vaults)
129327 | Vaults:5 | Got a bloodstained dagger
129388 | Vaults:5 | Reached skill level 15 in Dodging
129721 | Vaults:5 | Identified the +6,+9 dagger of Wougiqoq {pain, rF+ rN+} (You found it on level 5 of the Vaults)
130873 | Vaults:5 | Identified the ring "Smebb" {rF- Str-1 Int+3 Acc+4} (You found it on level 5 of the Vaults)
130873 | Vaults:5 | Identified the +11 blowgun of Grutzeypn {evade, Hunger rPois rC+ SInv} (You found it on level 5 of the Vaults)
131280 | Vaults:5 | Identified a +6 rod of clouds (10/10) (You took it off a vault sentinel on level 5 of the Vaults)
132105 | Vaults:5 | Noticed an ancient lich
132106 | Vaults:5 | Killed an ancient lich
132504 | Vaults:5 | Got a slimy leather armour
132505 | Vaults:5 | Identified the +4 leather armour of Mewecios {rElec rC+ SInv} (You took it off a vault sentinel on level 5 of the Vaults)
133095 | Vaults:5 | Got a silver rune of Zot
133560 | Lair:1   | Upgraded the game from 0.15-a0-58-gfb3cfe9 to 0.15-a0-60-g2d7d1c5
133846 | Zot:1    | Entered Level 1 of the Realm of Zot
133964 | Zot:1    | Reached skill level 23 in Conjurations
135555 | Zot:1    | Got a pair of encrusted boots
135559 | Zot:1    | Identified the cursed +0 pair of boots of the Armoured One {MR+ Dex+3 Int+4} (You found it on level 1 of the Realm of Zot)
135734 | Zot:1    | Reached skill level 1 in Evocations
136106 | Zot:2    | Reached skill level 5 in Evocations
136300 | Zot:2    | Reached skill level 10 in Evocations
136870 | Zot:2    | Got a smoking sling
137427 | Zot:3    | Got a steaming robe
137433 | Zot:3    | Identified the +0 robe of the Lair of Beasts {rF+} (You found it on level 3 of the Realm of Zot)
138938 | Lair:1   | Learned a level 2 spell: Blink
138943 | Lair:1   | Learned a level 4 spell: Control Teleport
138965 | Lair:1   | Identified a +4 rod of ignition (11/11) (You found it on level 2 of the Realm of Zot)
140220 | Zot:5    | Entered Level 5 of the Realm of Zot
140615 | Lair:1   | Learned a level 7 spell: Ring of Flames
141461 | Zot:5    | Noticed an ancient lich
141464 | Zot:5    | Killed an ancient lich
141630 | Zot:5    | Killed an ancient lich
141696 | Zot:5    | Noticed an ancient lich
141699 | Zot:5    | Killed an ancient lich
141702 | Zot:5    | Noticed an orb of fire
141702 | Zot:5    | Noticed an orb of fire
141702 | Zot:5    | Noticed an orb of fire
141704 | Zot:5    | Noticed an ancient lich
141707 | Zot:5    | Killed an ancient lich
141709 | Zot:5    | Killed an orb of fire
141710 | Zot:5    | Killed an orb of fire
141710 | Zot:5    | Killed an orb of fire
141759 | Zot:5    | Slain by an electric golem

Action                   |  1- 3 |  4- 6 |  7- 9 | 10-12 | 13-15 | 16-18 | 19-21 | 22-24 | 25-27 || total
-------------------------+-------+-------+-------+-------+-------+-------+-------+-------+-------++-------
Melee: Dagger            |    28 |       |   118 |   346 |  1152 |  1034 |   782 |   724 |   715 ||  4899
       Whip              |    19 |    16 |    12 |       |       |       |       |       |       ||    47
       Staff             |       |       |       |       |       |     2 |       |     2 |    20 ||    24
Throw: Throwing net      |     1 |     1 |       |       |       |       |       |       |       ||     2
 Cast: Magic Dart        |    36 |    42 |   101 |   285 |   381 |   278 |   115 |    37 |    62 ||  1337
       Searing Ray       |     3 |    20 |    49 |    37 |     2 |     2 |     1 |       |       ||   114
       Sting             |       |       |    18 |    22 |    45 |    70 |    11 |    12 |     4 ||   182
       Dazzling Spray    |       |       |     1 |    23 |   120 |   282 |    76 |    45 |    46 ||   593
       Iskenderun's Batt |       |       |       |    91 |    95 |   112 |    83 |    20 |    18 ||   419
       Conjure Flame     |       |       |       |    17 |    57 |    20 |     9 |       |     1 ||   104
       Swiftness         |       |       |       |       |     5 |     2 |     1 |       |       ||     8
       Fireball          |       |       |       |       |    86 |    87 |   137 |    49 |    57 ||   416
       Flight            |       |       |       |       |     5 |    15 |    10 |    15 |     2 ||    47
       Repel Missiles    |       |       |       |       |     3 |     4 |     6 |     2 |     6 ||    21
       Bolt of Magma     |       |       |       |       |       |   121 |   506 |   150 |       ||   777
       Apportation       |       |       |       |       |       |       |     5 |       |       ||     5
       Delayed Fireball  |       |       |       |       |       |       |     2 |     2 |     1 ||     5
       Petrify           |       |       |       |       |       |       |    30 |    42 |       ||    72
       Haste             |       |       |       |       |       |       |    17 |    14 |    36 ||    67
       Bolt of Fire      |       |       |       |       |       |       |       |   487 |   608 ||  1095
       Iron Shot         |       |       |       |       |       |       |       |    22 |   366 ||   388
       Regeneration      |       |       |       |       |       |       |       |     5 |    62 ||    67
       Stoneskin         |       |       |       |       |       |       |       |     2 |    10 ||    12
       Fire Storm        |       |       |       |       |       |       |       |       |   249 ||   249
       Ring of Flames    |       |       |       |       |       |       |       |       |     3 ||     3
       Control Teleport  |       |       |       |       |       |       |       |       |     3 ||     3
       Summon Butterflie |       |       |       |       |       |       |       |       |     3 ||     3
       Blink             |       |       |       |       |       |       |       |       |     2 ||     2
 Abil: Release Delayed F |       |       |       |       |       |       |     1 |     3 |       ||     4
Evoke: Wand              |       |       |     6 |     7 |     2 |     2 |     7 |     5 |     4 ||    33
       Rod               |       |       |     1 |       |       |       |       |       |       ||     1
       Lamp of fire      |       |       |       |       |       |       |       |     4 |       ||     4
       Staff of energy   |       |       |       |       |       |       |       |     4 |   512 ||   516
  Use: Scroll            |     2 |     2 |     5 |    12 |    11 |    10 |    16 |    10 |    27 ||    95
       Potion            |       |       |     1 |     5 |     2 |     7 |     5 |     2 |     8 ||    30
 Stab: Sleeping          |     1 |       |     5 |     2 |    22 |    31 |    40 |    33 |    25 ||   159
       Distracted        |       |       |       |     2 |     2 |     2 |     6 |     4 |     2 ||    18
       Invisible         |       |       |       |     5 |    32 |    57 |    26 |    10 |    21 ||   151
       Petrified         |       |       |       |       |       |       |    13 |    10 |       ||    23
       Petrifying        |       |       |       |       |       |       |     5 |     9 |       ||    14
